 Dungeon Crawl Stone Soup version 0.21.1-1-g345015f (webtiles) character file.

75 inc the Vexing (level 4, 19/19 HPs)
             Began as a Felid Enchanter on Feb 22, 2018.
             Quit the game on level 4 of the Dungeon.
             The game lasted 00:07:59 (4280 turns).

inc the Vexing (Felid Enchanter)                    Turns: 4280, Time: 00:07:59

Health: 19/19      AC:  1    Str:  4    XL:     4   Next: 11%
Magic:  8/8        EV: 19    Int: 17    God:
Gold:   146        SH:  0    Dex: 17    Spells: 1/7 levels left
                                        Lives:  0   Deaths: 1

rFire    . . .     SeeInvis +     - Unarmed
rCold    . . .     Gourm    .   (shield unavailable)
rNeg     . . .     Faith    .   (armour unavailable)
rPois    .         Spirit   .   (helmet unavailable)
rElec    .         Reflect  .   (cloak unavailable)
rCorr    .         Harm     .   (gloves unavailable)
MR       +....                  (boots unavailable)
Stlth    +++.......             (no amulet)
HPRegen  0.06/turn              e - ring of protection from magic
MPRegen  0.11/turn              (no ring)

@: quick
A: very small, no armour, no weapons or thrown items, stealth, claws 1, fangs 3,
see invisible, carnivore, speed 1, shaggy fur 1, slow metabolism 1, sharp paws
a: no special abilities


You were on level 4 of the Dungeon.
You were not hungry.

You visited 2 branches of the dungeon, and saw 5 of its levels.

You collected 146 gold pieces.

Inventory:

Jewellery
 e - a ring of protection from magic (left paw)
Scrolls
 f - a scroll of identify {unknown}
 h - a scroll of amnesia {unknown}
 i - a scroll of fear {unknown}
 j - a scroll of teleportation {unknown}
 k - a scroll of enchant armour {unknown}
 l - a scroll of remove curse {unknown}
 n - a scroll of enchant weapon {unknown}
Potions
 c - a potion of invisibility {unknown}
 d - 2 potions of curing {unknown}
 g - a potion of haste {unknown}
 m - a potion of might {unknown}
Books
 a - a book of Maledictions

   Spells                             Type                      Level
   a - Corona                         Hexes                        1
   b - Ensorcelled Hibernation        Hexes/Ice                    2
   c - Confuse                        Hexes                        3
   d - Tukima's Dance                 Hexes                        3
   e - Dazzling Spray                 Conjuration/Hexes            3
Comestibles
 b - 5 rations


   Skills:
 - Level 2.0 Fighting
 + Level 4.3 Dodging
 - Level 4.0 Stealth
 - Level 3.5 Unarmed Combat
 - Level 2.0 Spellcasting
 - Level 4.4 Hexes


You had one spell level left.
You knew the following spells:

 Your Spells              Type           Power        Failure   Level  Hunger
a - Corona                Hex            ###....      3%          1    #......
b - Ensorcelled Hibernat  Hex/Ice        #.....       12%         2    ###....
c - Confuse               Hex            ###.....     10%         3    ###....


Dungeon Overview and Level Annotations

Branches:
Dungeon (4/15)             Temple (1/1) D:4

Altars:
Elyvilon
Fedhas
Hepliaklqana
Kikubaaqudgha
Makhleb
Okawaru
Sif Muna
Wu Jian
Xom
The Shining One

Annotations:
D:4 Edmund; tognito's ghost, amateur MiBe


Innate Abilities, Weirdness & Mutations

You cannot wear armour.
You are incapable of wielding weapons or throwing items.
Your paws allow you to move quietly. (Stealth)
You have sharp claws.
You have razor-sharp teeth.
You have supernaturally acute eyesight. (SInv)
You are carnivorous and can eat meat at any time.
You cover ground quickly.
You are covered in fur. (AC +1)
You have a slow metabolism.
Your sharp claws are effective at attacking unaware monsters.


Message History

The worker ant is heavily wounded.
You feel sick. The worker ant closely misses you.
The worker ant barely misses you.
You scratch the worker ant.
The worker ant is severely wounded.
You feel sick. The worker ant bites you.
You are lethally poisoned!
The worker ant poisons you!
You barely miss the worker ant. You bite the worker ant.
The worker ant is severely wounded.
You feel sick. The worker ant bites you.
* * * LOW HITPOINT WARNING * * *
You closely miss the worker ant.
The worker ant is severely wounded.
* * * LOW HITPOINT WARNING * * *
You feel sick. The worker ant bites you.
You die...
You are now level 4!
You rejoin the land of the living...
Are you sure you want to abandon this character and quit the game? (Confirm with "yes".)

# ##.#### #...... . >... ..
#......####............# .... .
#......@....#........... ... .
............#......[.... #.# .#
##............#...^.......
#.##.#...............#...........
..#..................#..........(
.....[........#..................
..............#......#...........
.................#.##............
............. ...........


There were no monsters in sight!

Vanquished Creatures
  A worker ant (D:4)
  5 adders
  3 worms
  2 dart slugs
  3 leopard geckos
  2 orcs (D:3)
  3 ball pythons
  4 giant cockroaches
  5 hobgoblins
  7 kobolds
  6 bats
  2 frilled lizards
  13 goblins
  A jackal skeleton (D:4)
  9 rats
66 creatures vanquished.

Notes
Turn   | Place    | Note
-------+----------+-------------------------------------------
     0 | D:1      | inc the Felid Enchanter began the quest for the Orb.
     0 | D:1      | Reached XP level 1. HP: 7/7 MP: 4/4
   877 | D:1      | Reached XP level 2. HP: 11/11 MP: 6/6
   882 | D:1      | Learned a level 2 spell: Ensorcelled Hibernation
  1455 | D:1      | Reached XP level 3. HP: 13/14 MP: 1/7
  1532 | D:1      | Learned a level 3 spell: Confuse
  1916 | D:2      | Found a glowing golden altar of the Shining One.
  2629 | D:2      | Reached skill level 1 in Fighting
  2810 | D:2      | Reached XP level 4. HP: 19/19 MP: 6/8
  3836 | D:4      | Noticed Edmund
  4039 | D:4      | Reached XP level 5. HP: 20/22 MP: 6/9
  4044 | D:4      | Noticed tognito's ghost (amateur MiBe)
  4121 | D:4      | Found a staircase to the Ecumenical Temple.
  4127 | Temple   | Entered the Ecumenical Temple
  4279 | D:4      | Slain by a worker ant
  4280 | D:4      | Reached XP level 4. HP: 0/19 MP: 2/8
  4280 | D:4      | Quit the game

Skill      XL: |  1  2  3  4 |
---------------+-------------+-----
Unarmed Combat | 2 3 |  3.5
Fighting       | 1 2 |  2.0
Dodging        | 4 |  4.3
Stealth        | |  4.0
Spellcasting   | |  2.0
Hexes          | |  4.4

Action                   |  1- 3 |  4- 6 || total
-------------------------+-------+-------++-------
Melee: Unarmed           |   102 |    45 ||   147
       Bite              |     3 |     1 ||     4
 Cast: Corona            |     3 |       ||     3
       Ensorcelled Hiber |    27 |    15 ||    42
       Confuse           |       |     2 ||     2
 Stab: Sleeping          |    25 |    18 ||    43
  Eat: Chunk             |     9 |     4 ||    13
Armor: Skin              |    13 |     5 ||    18
Dodge: Dodged            |    67 |    35 ||   102
